 Dungeon Crawl Stone Soup version 0.29.1-12-g30fa7ad0bf (webtiles) character file.

Game seed: 11440918203230187230

8661 wormed the Covert (level 11, 0/58 HPs)
             Began as a Spriggan Hunter on Dec 29, 2022.
             Was a Priest of Okawaru.
             Hit by a javelin thrown by Urug (17 damage)
             ... on level 10 of the Dungeon.
             The game lasted 00:24:22 (12181 turns).

wormed the Covert (Spriggan Hunter)                Turns: 12181, Time: 00:24:22

Health: 0/58       AC:  5    Str:  9    XL:     11   Next: 12%
Magic:  0/21       EV: 28    Int: 10    God:    Okawaru [***...]
Gold:   423        SH:  0    Dex: 28    Spells: 8/10 levels left

rFire   . . .      SeeInvis +   a - +0 shortbow
rCold   . . .      Faith    .   (shield currently unavailable)
rNeg    . . .      Spirit   +   C - +0 troll leather armour
rPois   .          Reflect  .   (helmet restricted)
rElec   .          Harm     .   E - +0 cloak
rCorr   .          Rampage  .   (gloves unavailable)
Will    +....                   (boots unavailable)
Stlth   ++++++....              h - amulet of guardian spirit
HPRegen 0.99/turn               g - ring of magical power
MPRegen 0.17/turn               d - +6 ring of dexterity

@: very quick
A: very small, no large weapons, unfitting armour, see invisible, speed 3
a: Renounce Religion, Heroism


You were on level 10 of the Dungeon.
You worshipped Okawaru.
Okawaru was most pleased with you.
You visited 2 branches of the dungeon, and saw 12 of its levels.
You also visited: Ossuary and Bailey.

You collected 645 gold pieces.
You spent 222 gold pieces at shops.

Inventory:

Hand Weapons
 a - a +0 shortbow (weapon)
Missiles
 q - 13 throwing nets
Armour
 z - a +2 robe of cold resistance
 C - a +0 troll leather armour (worn)
 E - a +0 cloak (worn)
Jewellery
 c - a ring of willpower
 d - a +6 ring of dexterity (right hand)
 g - a ring of magical power (left hand)
 h - an amulet of guardian spirit (around neck)
 n - a +4 ring of protection
Wands
 k - a wand of flame (1)
 m - a wand of polymorph (11)
 x - a wand of light (1)
 I - a wand of iceblast (6)
Scrolls
 b - 3 scrolls of immolation
 i - 6 scrolls of teleportation {unknown}
 j - 3 scrolls of poison {unknown}
 p - a scroll of butterflies {unknown}
 r - 2 scrolls of amnesia {unknown}
 t - 2 scrolls of noise {unknown}
 w - 4 scrolls of blinking
 B - a scroll of vulnerability {unknown}
 D - a scroll of enchant armour {unknown}
 F - a scroll of enchant weapon {unknown}
 G - 2 scrolls of magic mapping {unknown}
Potions
 e - 6 potions of brilliance
 f - 2 potions of attraction
 l - 3 potions of flight
 o - 2 potions of resistance
 s - a potion of mutation {unknown}
 u - 5 potions of curing
 v - a potion of ambrosia
 A - a potion of might
 H - a potion of degeneration {unknown}
 J - 2 potions of lignification


   Skills:
 + Level 6.7 Fighting
 * Level 11.7 Ranged Weapons
 + Level 10.6 Dodging
 + Level 12.0 Stealth


You had 8 spell levels left.
You knew the following spells:

 Your Spells              Type           Power      Damage    Failure   Level
a - Blink                 Tloc           0%         N/A       63%         2

Your spell library contained the following spells:

 Spells                   Type           Power      Damage    Failure   Level
 Foxfire                  Conj/Fire      0%         2x1d4     47%         1
 Conjure Flame            Conj/Fire      0%         6-21      85%         3
 Ignite Poison            Fire/Tmut/Pois 0%         N/A       85%         3
 Inner Flame              Hex/Fire       0%         N/A       85%         3
 Lesser Beckoning         Tloc           0%         N/A       85%         3
 Mephitic Cloud           Conj/Pois/Air  0%         N/A       85%         3
 Portal Projectile        Hex/Tloc       0%         N/A       85%         3
 Flame Wave               Conj/Fire      0%         2d4       99%         4
 Leda's Liquefaction      Hex/Erth       0%         N/A       99%         4
 Freezing Cloud           Conj/Ice/Air   0%         6-21      100%        5
 Manifold Assault         Tloc           0%         N/A       100%        5
 Call Canine Familiar     Summ           Unusable   N/A       N/A         3

Dungeon Overview and Level Annotations

Branches:
Dungeon (11/15)            Temple (1/1) D:4            Lair (0/5) D:9
    Orc (0/2) D:9         Ossuary (visited)          Bailey (visited)

Altars:
Ashenzari
Cheibriados
Elyvilon
Fedhas
Gozag
Hepliaklqana
Kikubaaqudgha
Makhleb
Nemelex Xobeh
Okawaru
Qazlal
Ru
Sif Muna
Trog
Uskayaw
Vehumet
Wu Jian
Xom
Yredelemnul
Zin
The Shining One

Shops:
D:1 [   D:6 **?!   D:7 :   D:10 :

Annotations:
D:10 Urug


Innate Abilities, Weirdness & Mutations

You are very small and have problems with some larger weapons.
You are too small for most types of armour.
You have supernaturally acute eyesight. (SInv)
You cover ground extremely quickly. (Speed+++)


Message History

You shoot an arrow. The arrow hits Urug!
Urug is severely wounded.
Urug throws a javelin.
The javelin pierces through you!
You shoot an arrow. The arrow barely misses Urug.
You shoot an arrow. The arrow hits Urug.
Urug is severely wounded.
The wight hits you from afar with a +2 halberd.
You shoot an arrow. The arrow hits the wight.
The wight is moderately damaged.
You shoot an arrow.
The arrow hits the wight but does no damage.
The wight is moderately damaged.
You shoot an arrow. The arrow closely misses the wight.
The wight misses you.
You shoot an arrow. The arrow barely misses the wight.
You shoot an arrow. The arrow hits the wight!
You destroy the wight!
Okawaru accepts your kill.
You shoot an arrow. The arrow hits Urug.
Urug is severely wounded.
You shoot an arrow. The arrow completely misses Urug.
Urug throws a javelin.
The javelin pierces through you!
You shoot an arrow. The arrow hits Urug but does no damage.
Urug is severely wounded.
Urug throws a javelin.
The javelin pierces through you!!
* * * LOW HITPOINT WARNING * * *
You feel better.
You feel better.
You feel better.
You shoot an arrow. The arrow hits Urug but does no damage.
Urug is heavily wounded.
Urug hits you with a +2 scimitar of protection.
You shoot an arrow. The arrow hits Urug but does no damage.
Urug is heavily wounded.
Urug hits you with a +2 scimitar of protection!!
* * * LOW HITPOINT WARNING * * *
Blink to where?
Press: ? - help, Dir - move target, p - Urug
As you read the scroll of blinking, it crumbles to dust.
Urug throws a javelin.
The javelin pierces through you!!
You die...

#........# # #.###.########
#......ยง.# #.# #.........
#......o.# #.# ####....##
#........# #.# ###..##
#........### #.#########...
#......)...###.#...........
########....................
..........#.....#y..).......
..........#@................
..~.......#.....##.........#
..........##...#(####...####
...~...).......##.z #####
.......~~.......#.y.
.......~~.......# .#..
................##.D # #
..~.........~....# .# #
................# #


You could see Urug and a killer bee (wandering).

Vanquished Creatures
  An unseen horror (D:10)
  2 trolls
  3 hornets
  Grinder (D:3)
  Sigmund (D:2)
  A vampire (D:10)
  A wyvern (D:8)
  Grum (D:8)
  2 steam dragons (D:6)
  A yak (D:10)
  3 vampire mosquitoes (D:8)
  2 water moccasins (D:7)
  3 ice beasts
  Pargi (D:3)
  5 orc warriors (D:9)
  2 sky beasts
  3 ogres
  A black bear (D:4)
  8 wolves
  3 centaurs
  3 kobold brigands
  A necrophage (D:6)
  3 bullfrogs
  10 gnoll sergeants
  4 scorpions
  A wight (D:10)
  7 killer bees
  2 electric eels (D:9)
  9 gnoll boudas
  4 jellies
  8 orc priests
  5 hounds
  3 iguanas
  9 orc wizards
  34 gnolls
  10 adders
  2 white imps
  An ufetubus (D:4)
  3 dart slugs
  40 orcs
  7 endoplasms
  3 giant cockroaches
  6 goblins
  9 hobgoblins
  13 jackals
  20 kobolds
  2 quokkas
  8 ball pythons
  10 bats
  7 frilled lizards
  6 rats
295 creatures vanquished.

Vanquished Creatures (others)
  17 plants
  2 withered plants (Ossuary)
19 creatures vanquished.

Grand Total: 314 creatures vanquished

Notes
Turn   | Place    | Note
-------+----------+-------------------------------------------
     0 | D:1      | wormed the Spriggan Hunter began the quest for the Orb.
     0 | D:1      | Reached XP level 1. HP: 10/10 MP: 2/2
   223 | D:1      | Reached skill level 2 in Stealth
   232 | D:1      | Reached XP level 2. HP: 15/15 MP: 3/3
   372 | D:1      | Found Luxt's Antique Armour Emporium.
   517 | D:1      | Found a faded altar of an unknown god.
   755 | D:2      | Reached XP level 3. HP: 18/18 MP: 4/4
   884 | D:2      | Reached skill level 3 in Stealth
  1092 | D:2      | Reached XP level 4. HP: 23/23 MP: 5/5
  1626 | D:2      | Noticed Sigmund
  1639 | D:2      | Killed Sigmund
  1640 | D:2      | Reached skill level 5 in Ranged Weapons
  1640 | D:2      | Reached skill level 4 in Stealth
  1640 | D:2      | Reached XP level 5. HP: 27/27 MP: 6/6
  1640 | D:2      | Reached XP level 6. HP: 32/32 MP: 7/7
  1991 | D:3      | Identified the +0 ring mail of the Vacuum {rElec rPois
                  | Stlth-}
  2075 | D:3      | Noticed Pargi
  2266 | D:3      | Killed Pargi
  2414 | D:3      | Reached skill level 5 in Stealth
  2467 | D:3      | Reached skill level 5 in Dodging
  2495 | D:3      | Noticed Grinder
  2546 | D:3      | Paralysed by Grinder for 3 turns
  2551 | D:3      | Killed Grinder
  2552 | D:3      | Reached XP level 7. HP: 21/36 MP: 8/8
  3102 | D:4      | Reached skill level 6 in Stealth
  3245 | D:4      | Found a staircase to the Ecumenical Temple.
  3255 | Temple   | Entered the Ecumenical Temple
  3514 | D:4      | Found a glowing golden altar of the Shining One.
  3814 | D:5      | Entered Level 5 of the Dungeon
  3901 | D:5      | Reached XP level 8. HP: 42/42 MP: 9/9
  3947 | D:5      | Found a sand-covered staircase.
  3953 | Ossuary  | Entered an ossuary
  4221 | D:5      | Reached skill level 7 in Stealth
  4819 | D:5      | Noticed a hornet
  4848 | D:5      | Killed a hornet
  4849 | D:5      | Reached skill level 8 in Stealth
  5955 | D:1      | Bought a glowing robe for 99 gold pieces
  6380 | D:6      | Reached XP level 9. HP: 46/46 MP: 10/10
  6410 | D:6      | Found a hide-covered altar of Uskayaw.
  6504 | D:6      | Found a snail-covered altar of Cheibriados.
  6621 | D:6      | Found Saeps's General Store.
  6909 | D:6      | Found Ynushoi's General Store.
  6941 | D:6      | Reached skill level 9 in Stealth
  6958 | D:6      | Reached skill level 5 in Fighting
  7304 | D:6      | Found Diolod's Distillery.
  7451 | D:6      | Found Jitacozo's Magic Scroll Shoppe.
  7459 | D:6      | Bought a scroll of blinking for 97 gold pieces
  7459 | D:6      | Bought a scroll of identify for 26 gold pieces
  7628 | D:6      | Noticed a troll
  7828 | D:6      | Killed a troll
  8025 | D:7      | Found a hazy altar of Hepliaklqana.
  8107 | D:7      | Found an iron altar of Okawaru.
  8163 | D:7      | Found Gajem's Book Shop.
  8179 | D:7      | Became a worshipper of Warmaster Okawaru
  8282 | D:7      | Reached skill level 10 in Stealth
  8305 | D:7      | Found a sacrificial altar of Ru.
  8338 | D:7      | Reached skill level 10 in Ranged Weapons
  8516 | D:7      | Learned a level 2 spell: Blink
  8695 | D:7      | Reached XP level 10. HP: 51/51 MP: 11/11
  8885 | D:8      | Found a flagged portal.
  8904 | Bailey   | Entered a bailey
  9308 | Bailey   | Reached * piety under Okawaru
  9959 | D:8      | Reached skill level 11 in Stealth
  9977 | D:8      | Reached ** piety under Okawaru
 10103 | D:8      | Noticed Grum
 10152 | D:8      | Killed Grum
 10272 | D:8      | You fall into a shaft and drop 3 floors!
 10318 | D:10     | Entered Level 10 of the Dungeon
 10350 | D:10     | Reached skill level 10 in Dodging
 10670 | D:8      | Found a glowing silver altar of Zin.
 11073 | D:9      | Found a staircase to the Lair.
 11467 | D:9      | Reached *** piety under Okawaru
 11468 | D:9      | Reached XP level 11. HP: 58/58 MP: 12/12
 11625 | D:9      | Found an ornate altar of the Wu Jian Council.
 11798 | D:9      | Found a staircase to the Orcish Mines.
 11901 | D:10     | Found Wegea's Book Boutique.
 11948 | D:10     | Reached skill level 12 in Stealth
 12076 | D:10     | Noticed Urug
 12084 | D:10     | Noticed a two-headed ogre
 12181 | D:10     | Hit by a javelin thrown by Urug

Illustrated notes

Levels and vault maps discovered:
D:1:      roderic_crop_circles_arrival_small, layout_rooms, serial_shops,
          nicolae_shop_statue_plus, hellmonk_ecumenical_altar_blasted
D:2:      layout_loops_corners, uniq_sigmund
D:3:      layout_basic, chequers_serial_rivers_room_a, minmay_surrounded,
          uniq_pargi, uniq_grinder
D:4:      layout_cave_pools, lemuel_tele_altar,
          minmay_temple_entry_gardened_gates, nicolae_zen_rock_garden
D:5:      cheibrodos_two_vegetables, layout_loops_ring, enter_ossuary_2
D:6:      minmay_chambers_of_fours, layout_basic, kennysheep_mini_moat,
          nicolae_uskayaw_dance_hall, serial_shops, shop,
          nicolae_shop_temple_entry_statues_fountains, shop, shop
D:7:      layout_loops_corners, mainiacjoe_overflow_tiny_flanked,
          overflow_temple_1_default, nicolae_ru_great_annihilating_truth,
          serial_shops, shop_statue
D:8:      layout_loops_ring, mainiacjoe_overflow_paths, enter_bailey_2,
          uniq_grum
D:9:      layout_small_grid, pdpol_wu_jian_five_deadly_venoms, lair_entry_dummy,
          erik_orc_2, skrybe_limestone_x
D:10:     layout_basic, mainiacjoe_overflow_alcove_2, serial_shops,
          nicolae_inconvenience_store, minmay_pinched_square, uniq_urug
D:11:     layout_rooms, uniq_erolcha
Temple:   nicolae_temple_ecumenical_triangle

Skill      XL: |  1  2  3  4  5  6  7  8  9 10 11 |
---------------+----------------------------------+-----
Stealth        | 2 3 4 5 6 8 10 11 12 | 12.0
Dodging        | 3 4 5 6 7 8 10 | 10.6
Fighting       | 2 3 4 5 6 |  6.7
Ranged Weapons | 5 6 7 8 10 11 | 11.7

Action                   |  1- 3 |  4- 6 |  7- 9 | 10-12 || total
-------------------------+-------+-------+-------+-------++-------
 Fire: Shortbow          |   106 |   173 |   492 |   627 ||  1398
Evoke: Wand              |       |       |    18 |       ||    18
  Use: Scroll            |     2 |       |     5 |     1 ||     8
       Potion            |       |       |       |     5 ||     5
Armor: Robe              |     3 |     2 |     9 |       ||    14
       Troll leather arm |       |       |     3 |    13 ||    16
       Skin              |       |       |       |    44 ||    44
Dodge: Dodged            |    40 |    31 |   221 |   446 ||   738
